 Dungeon Crawl Stone Soup version 0.31-a0-662-g684573625c (webtiles) character file.

Game seed: 9107987053639498518

9345 cforsyth the Fighter (level 11, -4/90 HPs)
             Began as a Djinni Cinder Acolyte on Sept 1, 2023.
             Was a High Priest of Ignis.
             Slain by a manticore (9 damage)
             ... on level 11 of the Dungeon.
             The game lasted 00:21:06 (12136 turns).

cforsyth the Fighter (Djinni Cinder Acolyte)       Turns: 12136, Time: 00:21:07

Health: -4/90      AC:  8    Str: 16    XL:     11   Next: 72%
Gold:   588        EV: 10    Int: 20    God:    Ignis [*****.] SH:  3 Dex:  9

rFire   + + .        p - +9 falchion "Esepraph" {freeze, Fly}
rCold   . . .        k - +0 buckler
rNeg    + . .        t - +0 leather armour
rPois   ∞            u - +2 helmet
rElec   .            s - +0 cloak
rCorr   .            i - +0 pair of gloves
SInv    .            (boots unavailable)
Will    +....        (no amulet)
Stlth   +            h - ring of positive energy
HPRegen 0.35/turn    e - ring "Huzerew" {Ice Str+3}
MPRegen 0.00/turn

%: infuse magic (-5 HP)
@: freezing walls, flying
A: sickness immunity, fire resistance 2, cold vulnerability 1, float, innate
caster, HP casting, extra vitality 1
a: Renounce Religion, Fiery Armour, Foxfire Swarm, Rising Flame


You were on level 11 of the Dungeon.
You worshipped Ignis.
Ignis was extremely pleased with you.
You visited 1 branch of the dungeon, and saw 11 of its levels.
You also visited: Ossuary.

You collected 588 gold pieces.

Inventory:

Hand Weapons
 a - a -1 falchion of flaming
 p - the +9 falchion "Esepraph" (weapon) {freeze, Fly}
   (You found it on level 2 of the Dungeon)

   Fly:       It grants you flight.
 x - the +5 falchion "Zaycemod" {freeze, rPois rF+ rC+ Int-5}
   (You found it on level 3 of the Dungeon)

   Int-5:     It affects your intelligence (-5).
   rF+:       It protects you from fire.
   rC+:       It protects you from cold.
   rPois:     It protects you from poison
Armour
 b - a +0 robe
 i - a +0 pair of gloves (worn)
 k - a +0 buckler (worn)
 s - a +0 cloak (worn)
 t - a +0 leather armour (worn)
 u - a +2 helmet (worn)
Jewellery
 e - the ring "Huzerew" (right hand) {Ice Str+3}
   (You found it on level 5 of the Dungeon)

   [ring of ice]

   Ice:       It enhances your ice magic.
   Str+3:     It affects your strength (+3).
   rF-:       It makes you vulnerable to fire.
   rC+:       It protects you from cold.
 h - a ring of positive energy (left hand)
 A - a ring of protection from cold
 D - a ring of resist corrosion
 H - a ring of protection from cold
Wands
 q - a wand of flame (3)
 B - a wand of acid (10)
 E - a wand of iceblast (6)
 F - a wand of charming (6)
 L - a wand of polymorph (2)
Scrolls
 d - 5 scrolls of teleportation
 o - a scroll of brand weapon {unknown}
 v - a scroll of fear {unknown}
 w - 3 scrolls of enchant weapon
 y - 4 scrolls of revelation {unknown}
 C - 2 scrolls of identify
 G - a scroll of summoning {unknown}
 I - a scroll of blinking
Potions
 c - a potion of mutation
 f - a potion of might {unknown}
 g - a potion of attraction
 j - a potion of resistance
 l - 2 potions of berserk rage
 m - a potion of cancellation {unknown}
 n - 2 potions of enlightenment
 r - 3 potions of curing
 z - a potion of brilliance {unknown}
 J - 3 potions of haste {unknown}
 K - 2 potions of heal wounds {unknown}
 M - a potion of invisibility {unknown}


   Skills:
 + Level 12.7 Fighting
 - Level 3.6 Long Blades
 + Level 9.6 Spellcasting
 + Level 9.6 Conjurations
 + Level 9.6 Hexes
   Level 0.0 Charms
 + Level 9.6 Summonings
 + Level 9.6 Necromancy
 + Level 9.6 Translocations
 + Level 9.6 Transmutations
 + Level 9.6 Fire Magic
 + Level 9.6 Ice Magic
 + Level 9.6 Air Magic
 + Level 9.6 Earth Magic
 + Level 9.6 Poison Magic


You knew the following spells:

 Your Spells              Type           Power      Damage    Failure   Level
a - Scorch                Fire           96%        2d9       1%          2
b - Sting                 Tmut/Pois      100%       1d8       1%          1
c - Ensorcelled Hibernat  Hex/Ice        100%       N/A       1%          2
d - Blink                 Tloc           96%        N/A       1%          2
e - Frozen Ramparts       Ice            100%       1d16      1%          3
f - Summon Forest         Summ/Tloc      24%        N/A       6%          5
Your spell library was empty.

Dungeon Overview and Level Annotations

Branches:
Dungeon (11/15)              Lair (0/5) D:10        Ossuary (visited)
 Temple: D:4-7          Orc: D:9-12

Altars:
Fedhas
Okawaru
Ru
Zin

Shops:
D:5 *   D:9 (

Annotations:
D:4 2 runed translucent doors, autismninja's ghost, amateur GnFi


Innate Abilities, Weirdness & Mutations

You are immune to sickness and miasma.
You are immune to poison.
Your flesh is very heat resistant. (rF++)
You are vulnerable to cold. (rC-)
You float through the air rather than walking.
You learn spells naturally, not from books.
Your magical power is your life essence.
You have superior vitality. (+4 MHP)


Message History

You hit the manticore. You freeze the manticore.
The manticore is lightly wounded.
The manticore bites you but does no damage.
The manticore misses you. The manticore barely misses you.
You slash the manticore! You freeze the manticore.
The manticore is moderately wounded.
You block the manticore's attack. The manticore closely misses you.
The manticore claws you but does no damage.
You slash the manticore! You freeze the manticore.
The manticore is heavily wounded.
The manticore bites you!! The manticore claws you!
You block the manticore's attack.
You slash the manticore! You freeze the manticore.
The manticore is severely wounded.
The manticore bites you.
The manticore claws you. x2; The manticore bites you.
The manticore claws you! The manticore claws you.
* * * LOW HITPOINT WARNING * * *
You are too injured to fight recklessly!
You are too injured to fight recklessly!
You are too injured to fight recklessly!
You are too injured to fight recklessly!
You are too injured to fight recklessly!
You are too injured to fight recklessly!
Casting: Frozen Ramparts (safe; 1% risk of failure)
Confirm with . or Enter, or press ? or * to list all spells.
Casting: Frozen Ramparts (safe; 1% risk of failure)
Press: ? - help, Dir - look around, f - activate You feel a surge of power!
The walls around you are covered in ice.
* * * LOW HITPOINT WARNING * * *
The wall freezes the manticore!
The manticore bites you.
* * * LOW HITPOINT WARNING * * *
The manticore barely misses you.
The manticore claws you but does no damage.
You hit the manticore. You freeze the manticore.
The manticore is almost dead.
The wall freezes the manticore.
The manticore bites you!
* * * LOW HITPOINT WARNING * * *
The manticore claws you!
You die...

......#### ............
############ # # # #
#####################..#
................@H.....#
............>..........#
.#####################.#
.# .# .############
.............
............. ...#
......#### #..#


You could see a manticore.

Vanquished Creatures
  3 two-headed ogres
  Erica (D:8)
  A manticore (D:10)
  Maggie (D:8)
  A shadow (D:11)
  9 yaks (D:9)
  An acid dragon (D:10)
  Duvessa (D:4)
  A water moccasin (D:5)
  3 sky beasts (D:6)
  2 ice beasts
  2 orc warriors
  A black bear (D:6)
  4 centaurs
  3 phantoms
  3 kobold brigands
  3 elf zombies (Ossuary)
  4 bullfrogs
  5 scorpions
  4 wights (D:8)
  Dowan (D:4)
  8 killer bees (D:9)
  4 electric eels (D:10)
  4 orc priests
  2 centaur zombies (Ossuary)
  A hound (D:6)
  2 jellies
  2 gnoll boudas
  Crazy Yiuf (D:2)
  An iguana (D:5)
  2 orc wizards
  3 hound zombies (Ossuary)
  4 mummies
  8 gnolls
  9 adders
  2 white imps
  4 adder zombies (Ossuary)
  3 worms
  3 dart slugs (D:3)
  19 orcs
  5 ball pythons
  4 bats
  11 endoplasms
  2 giant cockroaches
  8 hobgoblins
  18 kobolds
  4 quokkas
  3 frilled lizards
  2 gnoll zombies (Ossuary)
  5 goblins
  2 goblin zombies (Ossuary)
  2 hobgoblin zombies (Ossuary)
  2 jackal zombies (Ossuary)
  5 kobold zombies (Ossuary)
  An orc zombie (Ossuary)
  4 quokka zombies (Ossuary)
  A rat (D:1)
  5 rat zombies (Ossuary)
220 creatures vanquished.

Vanquished Creatures (collateral kills)
  A cyclops (D:11)
  A hornet (D:10)
  A shadow (D:10)
  2 scorpions (D:10)
5 creatures vanquished.

Grand Total: 225 creatures vanquished

Notes
Turn   | Place    | Note
-------+----------+-------------------------------------------
     0 | D:1      | cforsyth the Djinni Cinder Acolyte began the quest for the
                  | Orb.
     0 | D:1      | cforsyth set off with the following spells memorised:
                  | Scorch.
     0 | D:1      | Reached XP level 1. HP: 20/20 MP: 0/0
   313 | D:1      | Reached XP level 2. HP: 21/25 MP: 0/0
   660 | D:2      | Reached XP level 3. HP: 26/30 MP: 0/0
   660 | D:2      | Learned a level 1 spell: Sting
   790 | D:2      | Identified the +9 falchion "Esepraph" {freeze, Fly}
   986 | D:2      | Reached XP level 4. HP: 36/36 MP: 0/0
  1018 | D:2      | Found a runed translucent door.
  1019 | D:2      | Noticed Crazy Yiuf
  1288 | D:2      | Killed Crazy Yiuf
  1546 | D:3      | Reached XP level 5. HP: 41/41 MP: 0/0
  1546 | D:3      | Learned a level 2 spell: Ensorcelled Hibernation
  1690 | D:3      | Reached skill level 4 in Fighting
  1849 | D:3      | Identified the +5 falchion "Zaycemod" {freeze, rPois rF+
                  | rC+ Int-5}
  1972 | D:4      | Noticed a phantom
  1979 | D:4      | Killed a phantom
  1980 | D:4      | Reached XP level 6. HP: 35/48 MP: 0/0
  2140 | D:4      | Found a sand-covered staircase.
  2153 | Ossuary  | Entered an ossuary
  2281 | Ossuary  | Reached skill level 5 in Fighting
  2302 | Ossuary  | Reached XP level 7. HP: 54/54 MP: 0/0
  2302 | Ossuary  | Learned a level 2 spell: Blink
  2626 | D:4      | Reached skill level 6 in Fighting
  3273 | D:4      | Noticed Duvessa
  3273 | D:4      | Noticed Dowan
  3505 | D:4      | Found a large runed translucent door.
  3505 | D:4      | Found a large runed translucent door.
  3511 | D:4      | Noticed autismninja's ghost (amateur GnFi)
  3779 | D:4      | Killed Duvessa
  3780 | D:4      | Reached XP level 8. HP: 40/62 MP: 0/0
  3781 | D:4      | Killed Dowan
  4255 | D:5      | Entered Level 5 of the Dungeon
  4257 | D:5      | Identified the ring "Huzerew" {Ice Str+3}
  4428 | D:5      | Reached skill level 5 in Spellcasting
  4428 | D:5      | Reached skill level 5 in Conjurations
  4428 | D:5      | Reached skill level 5 in Hexes
  4428 | D:5      | Reached skill level 5 in Summonings
  4428 | D:5      | Reached skill level 5 in Necromancy
  4428 | D:5      | Reached skill level 5 in Translocations
  4428 | D:5      | Reached skill level 5 in Transmutations
  4428 | D:5      | Reached skill level 5 in Fire Magic
  4428 | D:5      | Reached skill level 5 in Ice Magic
  4428 | D:5      | Reached skill level 5 in Air Magic
  4428 | D:5      | Reached skill level 5 in Earth Magic
  4428 | D:5      | Reached skill level 5 in Poison Magic
  4494 | D:5      | Found Hypozxu's Overcharged Wands.
  4548 | D:5      | Reached skill level 7 in Fighting
  5615 | D:6      | Reached XP level 9. HP: 67/70 MP: 0/0
  5615 | D:6      | Learned a level 3 spell: Frozen Ramparts
  5666 | D:6      | Reached skill level 8 in Fighting
  5725 | D:6      | Noticed a two-headed ogre
  5736 | D:6      | Killed a two-headed ogre
  6330 | D:6      | Reached skill level 9 in Fighting
  6394 | D:6      | Found an iron altar of Okawaru.
  6402 | D:6      | Found a faded altar of an unknown god.
  6404 | D:6      | Found a sacrificial altar of Ru.
  6406 | D:6      | Found a faded altar of an unknown god.
  6910 | D:7      | Reached XP level 10. HP: 74/78 MP: 0/0
  6930 | D:7      | You are sucked into a shaft and drop 3 floors!
  6930 | D:10     | Entered Level 10 of the Dungeon
  7244 | D:8      | Reached skill level 10 in Fighting
  7765 | D:8      | Noticed Erica
  7774 | D:8      | Killed Erica
  8125 | D:8      | Noticed Maggie
  8135 | D:8      | Killed Maggie
  8422 | D:9      | Reached skill level 11 in Fighting
  8595 | D:9      | Found Gaomeuqee's Antique Weapon Boutique.
  8968 | D:9      | Reached XP level 11. HP: 62/87 MP: 0/0
  8968 | D:9      | Learned a level 5 spell: Summon Forest
  9269 | D:9      | Found a glowing silver altar of Zin.
 10155 | D:10     | Noticed a manticore
 10165 | D:10     | Killed a manticore
 10166 | D:10     | Reached skill level 12 in Fighting
 10891 | D:10     | Noticed a two-headed ogre
 10896 | D:10     | Killed a two-headed ogre
 11324 | D:10     | Found a staircase to the Lair.
 11581 | D:11     | Noticed a two-headed ogre
 11589 | D:11     | Killed a two-headed ogre
 11815 | D:11     | Found a blossoming altar of Fedhas.
 11840 | D:11     | Noticed a cyclops
 11857 | D:11     | Killed a cyclops
 12125 | D:11     | Noticed a manticore
 12136 | D:11     | Slain by a manticore

Illustrated notes

Levels and vault maps discovered:
D:1:      eino_arrival_tree_alley, layout_rooms, minmay_hexomino_c4
D:2:      layout_basic, minmay_misc_feat_plants, hangedman_decor_points,
          uniq_crazy_yiuf_cottage
D:3:      layout_rooms, kennysheep_generic_room_14
D:4:      layout_gridville, gup_ossuary_entry_pyramid,
          ebering_ghost_disaster_area, uniq_duvessa
D:5:      layout_gridville, nicolae_shop_overcharged_wands
D:6:      layout_cave_pods, chequers_temple_overflow_minitemple,
          reono_crystal_passage, dreamdust_mushroom_princess,
          minmay_misc_feat_five, st_stairs_2
D:7:      lemuel_slime, layout_rooms, lemuel_round_altar,
          minmay_temple_entry_purple_smoke, serial_shops,
          nicolae_shop_real_fake_doors
D:8:      layout_basic, uniq_maggie, uniq_erica
D:9:      layout_loops_cross, mainiacjoe_overflow_alcove_1, serial_shops,
          nicolae_shop_peninsula
D:10:     layout_basic, grunt_lair_entry_orc_guard_hut
D:11:     layout_long_grid, fedhas_altar_fruit_tree

Skill      XL: |  1  2  3  4  5  6  7  8  9 10 11 |
---------------+----------------------------------+-----
Long Blades    | 3 |  3.6
Fighting       | 4 5 6 7 9 11 12 | 12.7
Spellcasting   | 3 4 5 7 8 9 |  9.6
Conjurations   | 3 4 5 7 8 9 |  9.6
Hexes          | 3 4 5 7 8 9 |  9.6
Summonings     | 3 4 5 7 8 9 |  9.6
Necromancy     | 3 4 5 7 8 9 |  9.6
Translocations | 3 4 5 7 8 9 |  9.6
Transmutations | 3 4 5 7 8 9 |  9.6
Fire Magic     | 3 4 5 7 8 9 |  9.6
Ice Magic      | 3 4 5 7 8 9 |  9.6
Air Magic      | 3 4 5 7 8 9 |  9.6
Earth Magic    | 3 4 5 7 8 9 |  9.6
Poison Magic   | 3 4 5 7 8 9 |  9.6

Action                     |  1- 3 |  4- 6 |  7- 9 | 10-12 || total
---------------------------+-------+-------+-------+-------++-------
  Melee: Falchion          |    50 |   129 |   210 |   117 ||   506
   Cast: Scorch            |     9 |     4 |     7 |    20 ||    40
         Blink             |       |       |     4 |       ||     4
         Ensorcelled Hiber |       |       |     7 |       ||     7
         Frozen Ramparts   |       |       |     8 |    22 ||    30
         Sting             |       |       |     1 |       ||     1
         Summon Forest     |       |       |       |     6 ||     6
  Evoke: Wand              |       |       |    14 |     1 ||    15
    Use: Scroll            |       |     7 |    10 |       ||    17
 Armour: Robe              |    29 |     9 |       |       ||    38
         Leather armour    |       |    65 |   198 |   134 ||   397
  Dodge: Dodged            |    38 |    53 |   132 |    92 ||   315
  Block: Buckler           |     4 |    20 |    43 |    18 ||    85

Table legend: (Time is in decaauts)
 A = Elapsed time spent in this place.
 B = Non-inter-level travel time spent in this place.
 C = Inter-level travel time spent in this place.
 D = Time resting spent in this place.
 E = Time spent auto-exploring this place.
 F = Levels seen in this place.
 G = Mean time per level.
                   A        B        C        D        E       F      G
               +--------+--------+--------+--------+--------+-----+--------+
         Total |  12222 |  11895 |    327 |   3089 |   7006 |  12 | 1018.5 |
       Dungeon |  11779 |  11452 |    327 |   3089 |   6802 |  11 | 1070.8 |
       Ossuary |    443 |    443 |      0 |      0 |    204 |   1 |  443.0 |
               +--------+--------+--------+--------+--------+-----+--------+

Top non-repeatable levels by time:
    D:10: 2038 daAuts
     D:4: 1739 daAuts
     D:6: 1613 daAuts
     D:8: 1338 daAuts
     D:9: 1257 daAuts
     D:2: 1009 daAuts
     D:5: 891 daAuts
    D:11: 589 daAuts
     D:3: 578 daAuts
     D:1: 535 daAuts
 Ossuary: 443 daAuts
     D:7: 188 daAuts
